 Dungeon Crawl Stone Soup version 0.24-a0-280-g7cec4da (webtiles) character file.

Game seed: 12510783984067825892

80621 silenth the Thaumaturge (level 15, -50/92 HPs)
             Began as a Deep Elf Earth Elementalist on May 9, 2019.
             Was a High Priest of Vehumet.
             Annihilated by an enormous slime creature (75 damage)
             ... on level 11 of the Dungeon.
             The game lasted 01:09:58 (30812 turns).

silenth the Thaumaturge (DEEE)                     Turns: 30812, Time: 01:09:58

Health: -50/92     AC: 21    Str: 12    XL:     15   Next: 24%
Magic:  11/34      EV: 16    Int: 26    God:    Vehumet [*****.]
Gold:   2282       SH:  4    Dex: 15    Spells: 20/40 levels left

rFire    . . .     SeeInvis .   a - staff of cold
rCold    + . .     Gourm    .   X - +0 buckler
rNeg     . . .     Faith    .   U - +0 troll leather armour
rPois    .         Spirit   .   n - +2 helmet
rElec    .         Reflect  .   M - +2 cloak
rCorr    .         Harm     .   p - +2 pair of gloves
MR       +....                  L - +2 pair of boots
Stlth    +++.......             (no amulet)
HPRegen  0.65/turn              T - +6 ring of strength
MPRegen  0.24/turn              C - +4 ring of protection

@: no status effects
A: no striking features
a: Renounce Religion


You were on level 11 of the Dungeon.
You worshipped Vehumet.
Vehumet was extremely pleased with you.
You were not hungry.

You visited 3 branches of the dungeon, and saw 20 of its levels.
You also visited: Sewer, Ossuary, Bailey and Volcano.

You collected 2334 gold pieces.
You spent 52 gold pieces at shops.

Inventory:

Hand Weapons
 Q - a +0 short sword of electrocution
Missiles
 B - 2 throwing nets
 F - 402 stones (quivered)
Armour
 n - a +2 helmet (worn)
 p - a +2 pair of gloves (worn)
 x - the +1 leather armour of the Salmon {Int+2}
   (You found it on level 5 of the Dungeon)

   It affects your intelligence (+2).
 L - a +2 pair of boots (worn)
 M - a +2 cloak (worn)
 U - a +0 troll leather armour (worn)
 X - a +0 buckler (worn)
Magical Staves
 a - an uncursed staff of cold (weapon)
 b - an uncursed staff of energy
Jewellery
 j - an uncursed ring of wizardry
 C - a +4 ring of protection (right hand)
 O - an uncursed ring of positive energy
 R - an uncursed ring of fire
 T - a +6 ring of strength (left hand)
Wands
 c - a wand of scattershot (15)
 t - a wand of paralysis (10)
 H - a wand of disintegration (12)
 J - a wand of iceblast (12)
 N - a wand of flame (40)
 S - a wand of enslavement (7)
Scrolls
 f - a scroll of fear
 h - 2 scrolls of fog
 i - 6 scrolls of identify
 m - a scroll of holy word
 q - 6 scrolls of teleportation
 r - 7 scrolls of remove curse
 y - 3 scrolls of magic mapping
 D - 5 scrolls of amnesia
 E - 2 scrolls of immolation
 G - 2 scrolls of torment
 P - a scroll of summoning
Potions
 d - 3 potions of flight
 g - 5 potions of berserk rage
 k - 5 potions of heal wounds
 l - 4 potions of mutation
 o - 4 potions of lignification
 s - 3 potions of brilliance
 u - 2 potions of ambrosia
 v - 3 potions of curing
 z - a potion of magic
 A - 4 potions of agility
 I - a potion of invisibility
 K - 3 potions of might
 V - a potion of resistance
Comestibles
 e - 13 rations


   Skills:
 + Level 10.0 Fighting
 + Level 6.8 Staves
 - Level 4.0 Armour
 * Level 8.4 Dodging
 - Level 7.0 Stealth
 * Level 1.3 Shields
 + Level 13.2 Spellcasting
 - Level 9.2 Conjurations
 - Level 7.5 Hexes
 - Level 1.1 Transmutations
 - Level 9.0 Ice Magic
 + Level 7.2 Air Magic
 - Level 10.0 Earth Magic
 + Level 6.8 Evocations


You had 20 spell levels left.
You knew the following spells:

 Your Spells              Type           Power        Failure   Level  Hunger
a - Sandblast             Erth           ######       1%          1    None
b - Stone Arrow           Conj/Erth      ######       1%          3    None
c - Passwall              Tmut/Erth      #####...     1%          2    None
d - Lee's Rapid Deconstr  Erth           ######....   1%          5    ##.....
e - Confuse               Hex            ######..     1%          3    None
f - Freezing Cloud        Conj/Ice/Air   #######...   8%          6    #####..

Your spell library contained the following spells:

 Spells                   Type           Power        Failure   Level  Hunger
 Conjure Ball Lightning   Conj/Air       ######....   9%          6    #####..
 Corona                   Hex            ######.      1%          1    None
 Magic Dart               Conj           ####         1%          1    None
 Ensorcelled Hibernation  Hex/Ice        ######       1%          2    None
 Poisonous Vapours        Pois/Air       #####.       1%          2    None
 Searing Ray              Conj           ######       1%          2    None
 Conjure Flame            Conj/Fire      #####...     1%          3    None
 Dazzling Spray           Conj/Hex       ######       1%          3    None
 Mephitic Cloud           Conj/Pois/Air  #####...     1%          3    None
 Tukima's Dance           Hex            ######..     1%          3    None
 Fulminant Prism          Conj/Hex       ######....   1%          4    None
 Iskenderun's Mystic Bla  Conj           ######..     1%          4    None
 Force Lance              Conj/Tloc      #####...     2%          4    None
 Petrify                  Tmut/Erth      #####...     6%          4    None
 Ring of Flames           Chrm/Fire      ###.......   100%        7    ######.


Dungeon Overview and Level Annotations

Branches:
Dungeon (13/15)            Temple (1/1) D:6            Lair (6/6) D:8
 Shoals (0/4) Lair:3        Snake (0/4) Lair:3        Slime (0/5) Lair:6
    Orc (0/2) D:11
 Vaults: D:13-14

Altars:
Ashenzari
Cheibriados
Dithmenos
Elyvilon
Fedhas
Gozag
Hepliaklqana
Kikubaaqudgha
Makhleb
Nemelex Xobeh
Okawaru
Qazlal
Ru
Sif Muna
Trog
Uskayaw
Vehumet
Wu Jian
Xom
Yredelemnul
Zin
The Shining One

Shops:
D:2 *   D:5 !   D:7 ?   D:10 %

Annotations:
D:6 Harold
D:11 3 runed translucent doors, exclusion: obsidian statue, ezpacito's ghost, journeyman DrFi
Lair:4 Rupert
Lair:6 exclusion: 2 oklob plants


Message History

* * * LOW HITPOINT WARNING * * *
The barbed spikes dig painfully into your body as you move.
* * * LOW HITPOINT WARNING * * *
There is a stone staircase leading up here.
You carefully extract the barbed spikes from your body.
The enormous slime creature hits you but does no damage.
The slime creature quivers.
You climb upwards.
Level annotation: 3 runed translucent doors, exclusion: obsidian statue, ezpacito's ghost, journeyman DrFi Reactivating autopickup.
There is a stone staircase leading down here.
Okay, then.
You hear some strange, mumbled words.
Deactivating autopickup; reactivate with Ctrl-A.
You are confused.
You feel better. Something hits you but does no damage.
Something closely misses you.
The enormous slime creature hits you!!!!
Ouch! That really hurt!
You die...

######## #....... ############
#.....†. .#####..........###
#.....†.
.....'........>.'.####...÷.).
................#....#.......
≈≈≈≈≈≈≈≈≈≈8....<####.#.......
≈≈≈≈≈≈≈≈≈8≈.J{..# #.'.......
▒▒▒▒▒▒▒▒▒▒▒[.≈≈.@...# ###......)
...........▒.≈≈.#[### ####(###
...........##≈≈)..# #...#
.8............[..### ###.)
...........##≈≈.((.# ##########
...........▒.≈≈..[)### #....)...÷
▒▒▒▒▒▒▒▒▒▒▒'[≈≈..)÷÷.###.........
≈≈≈≈≈≈≈≈≈8≈...)#÷..'.........
≈≈≈≈≈≈≈≈≈≈8....#####.......).


You could see an enormous slime creature.

Vanquished Creatures
  2 dire elephants
  Erolcha (D:10)
  A centaur warrior (Volcano)
  8 hydras
  An anaconda (Lair:6)
  A two-headed ogre (D:9)
  Urug (D:10)
  A deep elf knight (D:10)
  A hell knight (Volcano)
  An unseen horror (D:10)
  An orc knight (Bailey)
  2 manticores (D:11)
  A deep elf mage (D:10)
  3 oklob plants
  A cyclops (D:11)
  3 black mambas
  14 elephants
  A molten gargoyle (Volcano)
  Psyche (D:8)
  A gargoyle (D:11)
  11 spiny frogs
  3 komodo dragons
  A yaktaur (Volcano)
  4 polar bears
  A queen bee (D:11)
  4 trolls
  Prince Ribbit (D:9)
  9 dream sheep
  20 blink frogs
  9 hippogriffs
  A spriggan (D:9)
  3 wraiths
  51 yaks
  2 vampires
  2 wyverns
  Eustachio (D:4)
  Grum (D:9)
  A steam dragon (D:11)
  A hungry ghost (D:13)
  6 fire bats (Volcano)
  Edmund (D:4)
  Duvessa (D:5)
  Menkaure (D:7)
  5 porcupines
  9 water moccasins
  5 sky beasts
  13 orc warriors
  A necrophage (D:9)
  3 ice beasts
  4 black bears
  29 wolves
  7 ogres
  A phantom (D:6)
  8 centaurs
  11 crocodiles
  3 big kobolds
  12 bullfrogs
  A wyvern zombie (D:12)
  2 gnoll sergeants
  Dowan (D:5)
  A scorpion (D:4)
  24 killer bees
  2 wights (Ossuary)
  2 electric eels (D:11)
  4 howler monkeys
  7 crimson imps
  5 lava snakes (Volcano)
  3 centaur zombies
  9 hounds
  4 jellies
  5 centaur skeletons
  A gnoll shaman (D:6)
  12 orc priests
  4 bullfrog skeletons
  10 worker ants
  14 orc wizards
  A hound zombie (D:5)
  2 hound skeletons
  Robin (D:1)
  A howler monkey skeleton (D:9)
  7 adders
  12 gnolls
  3 river rats
  A shadow imp (D:5)
  An ooze (D:1)
  2 adder zombies
  3 adder skeletons
  A worm (D:3)
  3 dart slugs
  9 leopard geckos
  59 orcs
  3 bats
  7 giant cockroaches
  20 goblins
  8 hobgoblins
  5 jackals
  26 kobolds
  10 quokkas
  4 ball pythons
  A ball python skeleton (Ossuary)
  5 frilled lizards
  A jackal skeleton (D:4)
  A jackal zombie (D:5)
  5 orc skeletons (Ossuary)
  2 orc zombies (Ossuary)
  9 rats
  A fungus (Lair:6)
  3 plants
620 creatures vanquished.

Vanquished Creatures (others)
  A bush (Lair:6)
  21 fungi
  11 plants
33 creatures vanquished.

Grand Total: 653 creatures vanquished

Notes
Turn   | Place    | Note
-------+----------+-------------------------------------------
     0 | D:1      | silenth the Deep Elf Earth Elementalist began the quest for
                  | the Orb.
     0 | D:1      | Reached XP level 1. HP: 10/10 MP: 6/6
   218 | D:1      | You fall through a shaft!
   230 | D:2      | Reached XP level 2. HP: 7/15 MP: 2/8
   386 | D:2      | Learned a level 2 spell: Passwall
   474 | D:2      | Found an iron altar of Okawaru.
   508 | D:2      | Found a glowing golden altar of the Shining One.
   514 | D:2      | Reached skill level 4 in Earth Magic
   554 | D:2      | Found a sacrificial altar of Ru.
   669 | D:2      | Noticed Robin
   958 | D:1      | Reached XP level 3. HP: 19/19 MP: 8/10
   963 | D:1      | Learned a level 3 spell: Stone Arrow
  1360 | D:1      | Killed Robin
  1661 | D:2      | Found Zin's Purification Station.
  1663 | D:2      | Found a glowing silver altar of Zin.
  1793 | D:2      | Found a white marble altar of Elyvilon.
  1794 | D:2      | Found a bloodstained altar of Trog.
  1898 | D:2      | Reached skill level 4 in Spellcasting
  2070 | D:2      | Reached skill level 1 in Conjurations
  2191 | D:3      | Reached XP level 4. HP: 18/24 MP: 10/12
  2403 | D:3      | Found a glowing drain.
  2470 | Sewer    | Entered a sewer
  2477 | Sewer    | Reached skill level 5 in Earth Magic
  2592 | Sewer    | Noticed a big kobold
  2604 | Sewer    | Killed a big kobold
  2604 | Sewer    | Reached skill level 2 in Conjurations
  2604 | Sewer    | Reached XP level 5. HP: 27/28 MP: 5/14
  2633 | Sewer    | Found a glowing silver altar of Zin.
  2791 | D:3      | Found an opulent altar of Gozag.
  3408 | D:4      | Noticed Edmund
  3601 | D:4      | Killed Edmund
  3601 | D:4      | Reached skill level 5 in Spellcasting
  3601 | D:4      | Reached skill level 6 in Earth Magic
  3601 | D:4      | Reached XP level 6. HP: 15/32 MP: 0/15
  3608 | D:4      | Learned a level 5 spell: Lee's Rapid Deconstruction
  3822 | D:4      | Reached skill level 3 in Conjurations
  4033 | D:4      | Reached XP level 7. HP: 37/37 MP: 4/17
  4035 | D:4      | Reached skill level 3 in Dodging
  4035 | D:4      | Reached skill level 3 in Stealth
  4372 | D:4      | Reached skill level 1 in Fighting
  4731 | D:4      | Noticed Eustachio
  4746 | D:4      | Killed Eustachio
  4746 | D:4      | Reached skill level 6 in Spellcasting
  4898 | D:4      | Learned a level 3 spell: Confuse
  4928 | D:4      | Reached skill level 4 in Stealth
  4928 | D:4      | Reached skill level 4 in Conjurations
  4928 | D:4      | Reached skill level 7 in Earth Magic
  4928 | D:4      | Reached XP level 8. HP: 44/44 MP: 6/19
  5111 | D:4      | Got a faintly glowing chain mail
  5163 | D:4      | Reached skill level 4 in Dodging
  5386 | D:4      | Reached skill level 2 in Fighting
  5403 | D:4      | Reached skill level 1 in Hexes
  5477 | D:4      | Identified the +2 chain mail "Ujaomef" {rPois Regen+ Dex+3}
                  | (You found it on level 4 of the Dungeon)
  5503 | D:5      | Entered Level 5 of the Dungeon
  5509 | D:5      | Noticed Dowan
  6000 | D:5      | Reached skill level 2 in Hexes
  6171 | D:5      | Found Edwuxt's Distillery.
  6342 | D:5      | Found a deep blue altar of Sif Muna.
  6368 | D:5      | Reached skill level 5 in Stealth
  6368 | D:5      | Reached skill level 7 in Spellcasting
  6441 | D:5      | Got a scorched leather armour
  6452 | D:5      | Identified the +1 leather armour of the Salmon {Int+2} (You
                  | found it on level 5 of the Dungeon)
  6792 | D:5      | Noticed Duvessa
  6797 | D:5      | Killed Duvessa
  6814 | D:5      | Killed Dowan
  6814 | D:5      | Reached skill level 5 in Dodging
  6814 | D:5      | Reached skill level 3 in Hexes
  6846 | D:5      | Reached skill level 5 in Conjurations
  7119 | D:6      | Found an ornate altar of the Wu Jian Council.
  7164 | D:6      | Found a sand-covered staircase.
  7172 | D:6      | Reached XP level 9. HP: 49/49 MP: 14/21
  7179 | D:6      | Reached skill level 1 in Armour
  7191 | Ossuary  | Entered an ossuary
  7356 | Ossuary  | Reached skill level 3 in Fighting
  7681 | D:6      | Reached skill level 4 in Hexes
  7749 | D:6      | Identified the +8 mace of Change {protect, rC+}
  7750 | D:6      | Found a staircase to the Ecumenical Temple.
  8073 | Temple   | Entered the Ecumenical Temple
  8138 | Temple   | Became a worshipper of Vehumet
  8169 | D:6      | Reached skill level 8 in Earth Magic
  8414 | D:6      | Reached skill level 2 in Armour
  8642 | D:6      | Reached skill level 8 in Spellcasting
  8847 | D:7      | Reached skill level 6 in Dodging
  8854 | D:7      | Found Nelan's Magic Scroll Shoppe.
  8869 | D:7      | Bought a scroll of amnesia for 52 gold pieces
  8998 | D:7      | Found a shattered altar of Ashenzari.
  9045 | D:7      | Noticed Menkaure
  9049 | D:7      | Killed Menkaure
  9154 | D:7      | Noticed Harold
  9184 | D:7      | Reached skill level 6 in Conjurations
  9199 | D:7      | HP: 2/52 [Harold/+0 hand axe (6)]
  9521 | D:7      | Reached skill level 1 in Evocations
 10103 | D:7      | Reached * piety under Vehumet
 10103 | D:7      | Offered knowledge of Sting by Vehumet.
 10105 | D:7      | Reached XP level 10. HP: 56/56 MP: 17/24
 10245 | D:8      | Reached skill level 4 in Fighting
 10252 | D:8      | Reached skill level 2 in Evocations
 10452 | D:8      | Noticed Psyche
 10458 | D:8      | Killed Psyche
 10534 | D:8      | Found a flagged portal.
 10597 | D:8      | Offered knowledge of Throw Flame by Vehumet.
 10673 | D:8      | Reached ** piety under Vehumet
 10673 | D:8      | Reached skill level 7 in Dodging
 10709 | Bailey   | Entered a bailey
 11032 | Bailey   | Noticed an orc knight
 11037 | Bailey   | Killed an orc knight
 11037 | Bailey   | Reached skill level 9 in Spellcasting
 11037 | Bailey   | Reached skill level 3 in Evocations
 11207 | Bailey   | Found a bloodstained altar of Trog.
 11437 | D:8      | Found a staircase to the Lair.
 11644 | D:9      | Noticed Prince Ribbit
 11647 | D:9      | Reached skill level 7 in Conjurations
 11647 | D:9      | Reached skill level 9 in Earth Magic
 11652 | D:9      | Killed Prince Ribbit
 11739 | D:9      | Noticed Grum
 11742 | D:9      | Offered knowledge of Conjure Flame by Vehumet.
 11748 | D:9      | Killed Grum
 11752 | D:9      | Reached skill level 4 in Evocations
 12243 | D:9      | Reached skill level 5 in Fighting
 12328 | D:9      | Reached *** piety under Vehumet
 12337 | D:9      | Noticed a two-headed ogre
 12343 | D:9      | Killed a two-headed ogre
 12479 | D:9      | Reached skill level 10 in Spellcasting
 12627 | D:10     | Entered Level 10 of the Dungeon
 12627 | D:10     | Noticed Erolcha
 12632 | D:10     | Noticed Urug
 12635 | D:10     | Killed Erolcha
 12635 | D:10     | Reached skill level 3 in Armour
 12635 | D:10     | Reached XP level 11. HP: 52/64 MP: 3/27
 12813 | D:10     | Learned a level 6 spell: Freezing Cloud
 12891 | D:10     | Reached skill level 1 in Ice Magic
 12894 | D:10     | Reached skill level 1 in Air Magic
 12896 | D:10     | Offered knowledge of Static Discharge by Vehumet.
 13923 | D:10     | Reached skill level 1 in Staves
 13923 | D:10     | Reached skill level 2 in Ice Magic
 13923 | D:10     | Reached skill level 2 in Air Magic
 14082 | D:10     | Found Ajixeon's Food Shoppe.
 14217 | D:10     | Killed Urug
 14342 | D:10     | Reached skill level 10 in Earth Magic
 14381 | D:10     | Noticed a deep elf knight
 14386 | D:10     | Killed a deep elf knight
 14386 | D:10     | Reached skill level 3 in Ice Magic
 14553 | D:10     | Reached skill level 3 in Air Magic
 14655 | D:10     | Noticed a deep elf mage
 14673 | D:10     | Killed a deep elf mage
 14673 | D:10     | Reached skill level 2 in Staves
 14942 | D:10     | Killed an unseen horror
 15230 | Lair:1   | Entered Level 1 of the Lair of Beasts
 15247 | Lair:1   | Reached skill level 6 in Fighting
 15261 | Lair:1   | Reached skill level 4 in Ice Magic
 15846 | Lair:1   | Reached skill level 4 in Armour
 15846 | Lair:1   | Reached skill level 4 in Air Magic
 16378 | Lair:2   | Noticed a five-headed hydra
 16387 | Lair:2   | Killed a five-headed hydra
 16410 | Lair:2   | Reached skill level 11 in Spellcasting
 16509 | Lair:2   | Reached XP level 12. HP: 70/70 MP: 18/29
 16573 | Lair:2   | Reached skill level 3 in Staves
 16694 | Lair:2   | Reached skill level 5 in Ice Magic
 16924 | Lair:2   | Reached skill level 5 in Air Magic
 16933 | Lair:1   | Reached **** piety under Vehumet
 17538 | Lair:2   | Offered knowledge of Fireball by Vehumet.
 17857 | Lair:2   | Reached skill level 6 in Ice Magic
 18221 | Lair:2   | You fall through a shaft for 2 floors!
 18222 | Lair:4   | Noticed Rupert
 18267 | Lair:3   | Found a staircase to the Shoals.
 18482 | Lair:3   | Reached skill level 4 in Staves
 18482 | Lair:3   | Reached skill level 6 in Air Magic
 18644 | Lair:3   | Noticed a six-headed hydra
 18649 | Lair:3   | Killed a six-headed hydra
 18881 | Lair:3   | Found a staircase to the Snake Pit.
 18911 | Lair:3   | Reached skill level 7 in Ice Magic
 19800 | Lair:4   | Noticed an eight-headed hydra
 19807 | Lair:4   | Killed an eight-headed hydra
 19877 | Lair:4   | Noticed a six-headed hydra
 19901 | Lair:4   | HP: 1/71 [Rupert/+2 battleaxe of chopping (9)]
 20436 | Lair:4   | Killed a six-headed hydra
 20436 | Lair:4   | Reached skill level 7 in Air Magic
 20681 | Lair:4   | Reached XP level 13. HP: 76/76 MP: 23/30
 21053 | Lair:4   | Reached skill level 7 in Fighting
 21437 | Lair:4   | Reached skill level 5 in Staves
 21609 | Lair:5   | Found a dark tunnel.
 21622 | Volcano  | Entered a volcano
 21667 | Volcano  | Reached ***** piety under Vehumet
 21680 | Volcano  | Reached skill level 8 in Conjurations
 21680 | Volcano  | Reached skill level 8 in Ice Magic
 21688 | Volcano  | Offered knowledge of Lightning Bolt by Vehumet.
 21815 | Volcano  | Reached skill level 12 in Spellcasting
 21821 | Volcano  | Found a radiant altar of Vehumet.
 21827 | Volcano  | Reached skill level 5 in Hexes
 22056 | Volcano  | Reached skill level 9 in Fighting
 22056 | Volcano  | Reached XP level 14. HP: 86/86 MP: 32/32
 22218 | Lair:5   | Reached skill level 6 in Stealth
 22223 | Lair:5   | Reached skill level 5 in Evocations
 23235 | Lair:5   | Got an ichor-stained morningstar
 23236 | Lair:5   | Identified the +8 morningstar of Wounding {crush, Int+4}
                  | (You found it on level 5 of the Lair of Beasts)
 24100 | Lair:6   | Entered Level 6 of the Lair of Beasts
 24270 | Lair:5   | Reached skill level 6 in Hexes
 24374 | Lair:6   | Reached skill level 8 in Dodging
 25479 | Lair:6   | Reached skill level 6 in Staves
 25603 | Lair:6   | Found a staircase to the Slime Pits.
 25860 | Lair:6   | Reached skill level 7 in Stealth
 26311 | Lair:6   | Reached skill level 6 in Evocations
 27941 | Lair:5   | Reached skill level 7 in Hexes
 28319 | Lair:6   | Reached XP level 15. HP: 92/92 MP: 22/33
 28322 | Lair:6   | Reached skill level 9 in Conjurations
 28322 | Lair:6   | Reached skill level 9 in Ice Magic
 28792 | Lair:6   | Reached skill level 13 in Spellcasting
 29636 | D:11     | Offered knowledge of Conjure Ball Lightning by Vehumet.
 29905 | D:11     | Found a runed translucent gate.
 29932 | D:11     | Found a staircase to the Orcish Mines.
 30067 | D:11     | Found a runed translucent gate.
 30068 | D:11     | Found a runed translucent gate.
 30069 | D:11     | Found an opulent altar of Gozag.
 30070 | D:11     | Noticed ezpacito's ghost (journeyman DrFi)
 30312 | D:11     | Reached skill level 1 in Shields
 30507 | D:11     | You fall through a shaft for 2 floors!
 30511 | D:13     | Reached skill level 10 in Fighting
 30812 | D:11     | Annihilated by an enormous slime creature

Levels and vault maps discovered:
D:1:      dpeg_arrival_rooms_a, layout_loops_ring
D:2:      minmay_wonky_spiral, layout_loops_cross, zin_purify,
          nicolae_overflow_hidden_temple, lemuel_round_altar, serial_forest,
          infiniplex_forest_clump_tiny, infiniplex_forest_lined_3_way,
          infiniplex_forest_clump_diagonal, infiniplex_forest_clump_C,
          infiniplex_forest_lined_2, infiniplex_forest_lined_room_2,
          infiniplex_forest_clump_medium, kennysheep_small_spiral,
          minmay_misc_feat_doors, minmay_misc_feat_enclosed,
          nicolae_ru_sacrificial_ziggurat, uniq_robin
D:3:      layout_basic, lemuel_doored_altar, portal_sewer_entry_b
D:4:      layout_loops_corners, minmay_increasing_density, uniq_edmund,
          uniq_eustachio
D:5:      layout_basic, nicolae_overflow_crystal_walls, first_ration,
          serial_shops, shop, uniq_duvessa
D:6:      layout_loops_ring, lemuel_crystal_altar, minmay_temple_entry_slanted,
          enter_ossuary_1
D:7:      layout_gridville, evilmike_ruin_ashenzari, serial_shops,
          nicolae_shop_crystal, uniq_harold, uniq_menkaure
D:8:      layout_basic, lair_entry_dummy, enter_bailey_3, uniq_psyche
D:9:      minmay_opposing_rooms, layout_long_grid, uniq_prince_ribbit1,
          uniq_grum
D:10:     layout_cave_pools, serial_shops, shop, grunt_pizzeria,
          minmay_evil_grid, uniq_urug, uniq_erolcha
D:11:     layout_roguey, erik_orc_2, special_room [special_room_bee],
          ebering_ghost_gozag
D:12:     layout_big_octagon, minmay_guarded_unrand_variability
D:13:     layout_loops_corners, trog_ov_bears_minmay
Temple:   nicolae_temple_god_jail
Lair:1:   layout_hall_layers, special_room
Lair:2:   layout_loops_ring, grunt_megastairs_4, infiniplex_staircase_pool_2,
          serial_bayou_shore_b
Lair:3:   layout_gridlike, shoals_dummy_entry, dummy_snake_entry
Lair:4:   layout_loops_ring, minmay_lair_oklob_chamber, uniq_rupert
Lair:5:   layout_cave_pods, nicolae_volcano_entry_hallway, beast_lair_carwin_4,
          grunt_megastairs_2
Lair:6:   due_jungle_book, layout_regular_city, minmay_slime_entry_oklob_open

Skill      XL: |  1  2  3  4  5  6  7  8  9 10 11 12 13 14 15 |
---------------+----------------------------------------------+-----
Earth Magic    | 4 5 6 7 8 9 10 | 10.0
Spellcasting   | 4 5 6 7 8 10 11 12 13 | 13.2
Conjurations   | 1 2 3 4 5 6 7 8 9 |  9.2
Dodging        | 3 5 6 7 8 |  8.4
Stealth        | 4 5 7 |  7.0
Fighting       | 1 2 3 5 6 9 10 | 10.0
Hexes          | 3 4 5 7 |  7.5
Armour         | 2 3 4 |  4.0
Evocations     | 1 4 6 |  6.8
Ice Magic      | 4 7 8 9 |  9.0
Air Magic      | 4 7 |  7.2
Staves         | 2 4 5 6 |  6.8
Shields        | 1 |  1.3
Transmutations | |  1.1

Action                   |  1- 3 |  4- 6 |  7- 9 | 10-12 | 13-15 || total
-------------------------+-------+-------+-------+-------+-------++-------
Melee: Unarmed           |     2 |       |       |       |       ||     2
       Dagger            |    44 |    39 |    19 |       |       ||   102
       Rapier            |       |       |    38 |       |       ||    38
       Short sword       |       |       |   106 |     9 |       ||   115
       Staff             |       |       |     8 |    65 |    96 ||   169
       Quarterstaff      |       |       |       |       |    14 ||    14
 Cast: Sandblast         |    57 |    62 |    60 |   106 |    33 ||   318
       Stone Arrow       |     2 |    17 |    98 |   345 |   446 ||   908
       Passwall          |       |     1 |     2 |       |     4 ||     7
       Confuse           |       |       |     4 |     4 |       ||     8
       Lee's Rapid Decon |       |       |     9 |    13 |    12 ||    34
       Freezing Cloud    |       |       |       |     5 |    14 ||    19
Evoke: Wand              |       |       |     2 |     5 |     6 ||    13
       Sack of spiders   |       |       |       |     1 |       ||     1
       Staff of energy   |       |       |       |     1 |       ||     1
  Use: Scroll            |     6 |     1 |    12 |    18 |     9 ||    46
       Potion            |     3 |     2 |     1 |     2 |     3 ||    11
 Stab: Sleeping          |     1 |     1 |    11 |     1 |       ||    14
       Paralysed         |       |       |       |       |     5 ||     5
  Eat: Chunk             |     4 |     1 |     6 |     3 |     6 ||    20
       Ration            |       |     2 |     4 |     8 |     8 ||    22
Armor: Robe              |     9 |    17 |    13 |       |       ||    39
       Leather armour    |       |       |    60 |   218 |   168 ||   446
       Troll leather arm |       |       |       |       |    25 ||    25
Dodge: Dodged            |    46 |    61 |   172 |   310 |   360 ||   949
Block: Buckler           |       |       |       |       |    22 ||    22

Table legend:
 A = Non-vault XP
 B = Vault XP
 C = Vault XP percentage of total XP
 D = Non-vault monster count
 E = Vault monster count
 F = Vault count percentage of total count
                 A         B        C        D         E       F
            +---------+---------+-------+---------+---------+-------
      Total |   60308 |   25403 |  29.6 |     436 |     180 |  29.2
            +---------+---------+-------+---------+---------+-------
        D:1 |      18 |      24 |  57.1 |       7 |       5 |  41.7
        D:2 |      27 |      25 |  48.1 |      14 |      11 |  44.0
        D:3 |      31 |      17 |  35.4 |      14 |       4 |  22.2
        D:4 |     867 |     532 |  38.0 |      30 |       8 |  21.1
        D:5 |     768 |     236 |  23.5 |      26 |       2 |   7.1
        D:6 |    1203 |       0 |   0.0 |      25 |       0 |   0.0
        D:7 |     940 |     154 |  14.1 |      22 |       1 |   4.3
        D:8 |    1295 |     426 |  24.8 |      31 |       5 |  13.9
        D:9 |     708 |    2340 |  76.8 |      18 |      15 |  45.5
       D:10 |    2536 |    5121 |  66.9 |      36 |      14 |  28.0
       D:11 |    6006 |    2145 |  26.3 |      37 |      38 |  50.7
       D:12 |     512 |       0 |   0.0 |       3 |       0 |   0.0
       D:13 |    1277 |       0 |   0.0 |       7 |       0 |   0.0
     Lair:1 |    2486 |     209 |   7.8 |      11 |       1 |   8.3
     Lair:2 |    6524 |     974 |  13.0 |      30 |       5 |  14.3
     Lair:3 |    4282 |       0 |   0.0 |      22 |       0 |   0.0
     Lair:4 |    6552 |    1099 |  14.4 |      24 |       2 |   7.7
     Lair:5 |    9700 |    2814 |  22.5 |      35 |       6 |  14.6
     Lair:6 |   14576 |    3346 |  18.7 |      44 |       6 |  12.0
      Sewer |       0 |     135 | 100.0 |       0 |      10 | 100.0
    Ossuary |       0 |     552 | 100.0 |       0 |      12 | 100.0
     Bailey |       0 |     905 | 100.0 |       0 |      16 | 100.0
    Volcano |       0 |    4349 | 100.0 |       0 |      19 | 100.0
            +---------+---------+-------+---------+---------+-------
